 Dungeon Crawl Stone Soup version 0.31-a0-1610-g9787180647 (webtiles) character file.

Game seed: 14520209976881405252

120450 night the Convoker (level 16, -6/96 (133) HPs)
             Began as a Black Draconian Summoner on Jan 8, 2024.
             Was the Champion of Ru.
             Mangled by an eleionoma (10 damage)
             ... on level 2 of the Swamp.
             The game lasted 01:45:19 (33636 turns).

night the Convoker (Black Draconian Summoner)      Turns: 33636, Time: 01:45:19

HP:   -6/96 (133)   AC: 13    Str: 11    XL:     16   Next: 30%
MP:   11/36         EV: 26    Int: 22    God:    Ru [******]
Gold: 2069          SH:  0    Dex: 13    Spells: 5/47 levels left

rFire   + . .        V - +3 demon trident (venom)
rCold   + + +        (shield unavailable)
rNeg    . . .        (body armour unavailable)
rPois   +            B - +2 hat
rElec   +            (no cloak)
rCorr   .            m - +1 pair of gloves
SInv    .            (no boots)
Will    +....        s - amulet of the acrobat
Stlth   +++          (ring unavailable)
HPRegen 0.36/turn    r - ring "Dodool" {rPois rF+ rC+++ Stlth+}
MPRegen 0.25/turn

%: inaccuracy (-5), acrobat
@: exhausted, short of breath, acrobatic, flying, hasted, very heavily drained,
very quick
A: breathe lightning, AC +9, unfitting armour, big wings, electricity
resistance, cold-blooded, missing a hand, inability to train dodging, missing an
eye, no forms, inability to read after injury 1
a: Breathe Lightning, Renounce Religion, Draw Out Power, Power Leap, Apocalypse


You were on level 2 of the Swamp.
You worshipped Ru.
Ru was exalted by your worship.
You visited 5 branches of the dungeon, and saw 25 of its levels.
You visited the Abyss 1 time.
You also visited: Ossuary.

You collected 2284 gold pieces.
You spent 215 gold pieces at shops.

Inventory:

Hand Weapons
 d - a +0 quarterstaff
 J - a +4 trident of flaming
 P - a +6 trident of protection
 V - a +3 demon trident of venom (weapon)
Missiles
 c - 185 stones
 i - 15 javelins
 l - 58 poisoned darts
 x - 24 boomerangs
 K - 4 curare-tipped darts
 W - 5 atropa-tipped darts
 Y - 2 darts of dispersal
Armour
 m - a +1 pair of gloves (worn)
 B - a +2 hat (worn)
Jewellery
 f - a ring of positive energy
 r - the ring "Dodool" (right hand) {rPois rF+ rC+++ Stlth+}
   (You found it on level 3 of the Dungeon)

   [ring of protection from fire]

   rF+:       It protects you from fire.
   rC+++:     It renders you almost immune to cold.
   rPois:     It protects you from poison Stlth+: It makes you more stealthy.
 s - an amulet of the acrobat (around neck)
 D - a +4 ring of slaying
 F - an amulet of faith
 M - a +6 ring of intelligence
 N - a ring of resist corrosion
 Q - a +5 ring of evasion
 T - a ring of ice
Wands
 v - a wand of paralysis (24)
 E - a wand of polymorph (2)
 G - a wand of acid (17)
 L - a wand of iceblast (8)
 O - a wand of flame (8)
 R - a wand of digging (16)
 S - a wand of mindburst (7)
Scrolls
 j - 15 scrolls of teleportation
 o - 4 scrolls of immolation
 q - 9 scrolls of enchant weapon
 t - 3 scrolls of fog
 w - 4 scrolls of enchant armour
 y - 2 scrolls of torment
 A - 2 scrolls of brand weapon
 H - 2 scrolls of blinking
 I - a scroll of poison
 X - a scroll of fear
 Z - 3 scrolls of amnesia
Potions
 a - 4 potions of magic
 b - 2 potions of ambrosia
 e - 3 potions of enlightenment
 g - 6 potions of attraction
 k - 6 potions of might
 n - a potion of resistance
 p - 2 potions of brilliance
 u - 9 potions of curing
 z - 2 potions of heal wounds
 C - 5 potions of haste
 U - 3 potions of cancellation
Miscellaneous
 h - a phial of floods


   Skills:
 + Level 9.7 Fighting
 + Level 12.6 Polearms
 - Level 1.7 Stealth
 + Level 16.3 Spellcasting
 + Level 18.0 Summonings
 + Level 6.4 Necromancy
 - Level 2.0 Fire Magic


You had 5 spell levels left.
You knew the following spells:

 Your Spells              Type           Power      Damage    Failure   Level
a - Summon Small Mammal   Summ           100%       N/A       0%          1
b - Summon Forest         Summ/Tloc      27%        N/A       2%          5
c - Death Channel         Necr           23%        N/A       34%         6
d - Summon Blazeheart Go  Fire/Summ      58%        N/A       1%          4
e - Summon Ice Beast      Ice/Summ       55%        N/A       1%          3
f - Summon Mana Viper     Hex/Summ       55%        N/A       2%          5
g - Summon Lightning Spi  Summ/Air       55%        N/A       1%          4
h - Monstrous Menagerie   Summ           38%        N/A       1%          7
i - Summon Hydra          Summ           38%        N/A       1%          7

Your spell library contained the following spells:

 Spells                   Type           Power      Damage    Failure   Level
 Call Imp                 Summ           100%       N/A       0%          2
 Call Canine Familiar     Summ           77%        N/A       0%          3
 Sublimation of Blood     Necr           46%        N/A       1%          2
 Animate Dead             Necr           46%        N/A       2%          4
 Apportation              Tloc           34%        N/A       3%          1
 Sting                    Conj/Alch      68%        1d7       3%          1
 Jinxbite                 Hex            34%        N/A       4%          2
 Mercury Vapours          Alch/Air       34%        N/A       4%          2
 Inner Flame              Hex/Fire       22%        N/A       6%          3
 Sigil of Binding         Hex            17%        N/A       10%         3
 Stone Arrow              Conj/Erth      34%        3d9       10%         3
 Flame Wave               Conj/Fire      22%        2d8       21%         4
 Sticky Flame             Fire/Alch      22%        2d6       21%         4
 Borgnjor's Vile Clutch   Necr/Erth      16%        N/A       24%         5
 Dimensional Bullseye     Hex/Tloc       8%         N/A       30%         4
 Olgreb's Toxic Radiance  Alch           17%        N/A       30%         4
 Vhi's Electric Charge    Tloc/Air       34%        N/A       30%         4
 Alistair's Intoxication  Alch           11%        N/A       65%         5
 Arcjolt                  Conj/Air       8%         1d18      65%         5
 Lee's Rapid Deconstruct  Erth           8%         3d7*      65%         5
 Plasma Beam              Fire/Air       11%        2x1d22    97%         6
 Eringya's Noxious Bog    Alch           8%         4d6       99%         6
 Lehudib's Crystal Spear  Conj/Erth      8%         10d4      100%        8
 Animate Armour           Summ/Erth      Unusable   N/A       N/A         4

Dungeon Overview and Level Annotations

Branches:
Dungeon (15/15)            Temple (0/1) D:4            Lair (5/5) D:10
  Swamp (2/4) Lair:2       Spider (0/4) Lair:2        Slime (1/5) Lair:5
    Orc (2/2) D:11            Elf (0/3) Orc:2        Vaults (0/5) D:13
 Depths (0/4) D:15        Ossuary (visited)

Altars:
Fedhas
Hepliaklqana
Okawaru
Ru
Trog
Lugonu

Shops:
D:10 [   Orc:1 !   Orc:2 *!*?

Portals:
Abyss: Lair:5


Innate Abilities, Weirdness & Mutations

You can breathe wild blasts of lightning.
Your glossy black scales are hard. (AC +9)
You cannot fit into any form of body armour.
Your large and strong wings let you fly.
You are resistant to electric shocks. (rElec)
You are cold-blooded and may be slowed by cold attacks.
You are missing a hand.
You cannot train Dodging skill.
You are missing an eye, making it more difficult to aim.
You cannot voluntarily change form.
You occasionally lose the ability to read scrolls when taking damage.


Message History

You completely miss the spectral spriggan air mage.
Your tail-slap misses the spectral spriggan air mage.
The spectral spriggan air mage is severely damaged.
The spectral spriggan air mage hits you!
* * * LOW HITPOINT WARNING * * *
You feel drained.
* * * LOW HITPOINT WARNING * * *
You focus your inner power and blind the spectral spriggan air mage in retribution!
The spectral spriggan air mage hits you.
* * * LOW HITPOINT WARNING * * *
You feel much better.
The spectral spriggan air mage misses you.
The spectral spriggan air mage hits you!
* * * LOW HITPOINT WARNING * * *
You feel drained.
* * * LOW HITPOINT WARNING * * *
Blink to where?
Press: ? - help, Dir - move target
As you read the scroll of blinking, it crumbles to dust.
You feel yourself speed up.
The spectral spriggan berserker fades away!
The ghost crab is no longer paralysed.
The spectral spriggan air mage fades away!
The spectral death drake is no longer paralysed.
The spectral death drake fades away!
An eleionoma comes into view.
The eleionoma shouts!
The ghost crab breathes spectral mist at you.
The spectral mist engulfs you.
You redirect the eleionoma's attack!
You are engulfed in spectral mist.
* * * LOW HITPOINT WARNING * * *
The spectral fenstrider witch fades away!
You focus your inner power and illuminate something in retribution!
Found a trident.
You are engulfed in spectral mist.
* * * LOW HITPOINT WARNING * * *
You focus your inner power and blind something in retribution!
A goliath frog comes into view.
The eleionoma hits you!
You die...

♣≈≈≈≈♣..~...~♣..♣♣
♣≈≈≈≈≈!.~~..~.~~♣
≈≈≈≈≈♣♣.§.~t.~/♣♣
≈≈≈≈≈♣~.÷§§..~~.♣
♣♣♣♣♣♣Z§☼Z.§)♣♣~♣♣ ♣
♣..♣○♣○☼~.§...♣♣♣
..♣.♣♣~~Z☼○Z...♣♣...♣♣
.~~F~~R.♣☼♣§○~♣♣♣....♣
.~~~.~~@♣♣♣♣§~.♣~~~.♣♣
..~♣~~~.♣ ♣♣~♣♣♣.♣>♣
♣.~~....♣ ♣♣♣♣....♣♣
♣..♣~~... ♣♣....♣
♣♣...~... ♣..~~♣♣
.~~.~....♣ ♣♣....~♣
.~♣♣~.§~~♣~♣ ♣§)....♣♣
~~ ~~~♣♣♣§~.
♣♣.~~...~♣♣ ♣~~♣
♣~.~..♣...♣


You could see an eleionoma, a spectral spriggan air mage (summoned) and a
goliath frog (wandering).

Vanquished Creatures
  A thorn hunter (Swamp:2)
  The ghost of gohu the Severer, a journeyman HOFi of Beogh (Lair:1)
  Fannar (Lair:3)
  A hydra (Lair:5)
  Erica (D:9)
  2 boulder beetles (D:14)
  2 two-headed ogres
  4 death yaks
  An anaconda (Lair:2)
  An orc high priest (Orc:2)
  Sonja (D:11)
  A skyshark (Lair:3)
  A wretched star (Abyss:2)
  A skeletal warrior (D:12)
  2 spriggan druids (Lair:2)
  An orc knight (Orc:2)
  A will-o-the-wisp (Swamp:2)
  A cyclops (D:14)
  2 orc sorcerers (Orc:2)
  4 elephants (Lair:3)
  A manticore (D:13)
  Joseph (D:10)
  A black mamba (Lair:5)
  A smoke demon (Lair:5)
  5 cane toads
  2 rime drakes
  4 komodo dragons
  Psyche (D:12)
  3 trolls
  A hornet (D:9)
  A polar bear (Lair:2)
  4 blink frogs
  29 yaks
  4 slime creatures
  4 wyverns
  A ynoxinul (Lair:5)
  2 wraiths
  4 basilisks
  A golden eye (D:11)
  2 steam dragons
  A chaos spawn (Lair:5)
  2 vampire mosquitoes
  2 acid dragons
  4 water moccasins
  3 nameless horrors
  A laughing skull (D:11)
  2 orc warriors
  A black bear (D:7)
  5 wolves (Lair:3)
  4 centaurs
  2 earth elementals (D:12)
  2 bullfrogs
  A gnoll sergeant (D:9)
  6 wights (D:7)
  A small abomination (Lair:5)
  6 killer bees (D:7)
  An electric eel (D:12)
  A bullfrog zombie (Ossuary)
  3 orc priests
  An iguana (D:5)
  4 orc wizards
  A polar bear simulacrum (Lair:5)
  3 adders
  4 gnolls
  2 ufetubi
  A dart slug (D:4)
  19 orcs
  5 ball pythons
  4 endoplasms
  5 giant cockroaches
  3 goblins
  2 hobgoblins
  3 jackals
  4 bats
  2 frilled lizards
  A goblin zombie (Ossuary)
  A hobgoblin zombie (Ossuary)
  6 kobolds
  4 rats
225 creatures vanquished.

Vanquished Creatures (collateral kills)
  An ironbound thunderhulk (D:13)
  A stone giant (D:15)
  Azrael (D:12)
  3 eleionomae
  Josephine (D:11)
  A rakshasa (D:13)
  4 hydras
  2 catoblepae
  A vault guard (D:13)
  2 alligators (Swamp:1)
  A centaur warrior (D:13)
  5 two-headed ogres
  3 tengu warriors
  5 death yaks
  3 thrashing horrors (Lair:5)
  Urug (D:11)
  3 orc high priests
  2 goliath frogs (Swamp:1)
  A skyshark (Lair:4)
  8 skeletal warriors
  A spriggan druid (Swamp:1)
  A mana viper (Abyss:2)
  2 swamp dragons
  3 orc knights (Orc:2)
  4 bog bodies
  3 large abominations
  2 orc sorcerers (Orc:2)
  3 manticores
  An oklob plant (D:11)
  4 cyclopes
  A will-o-the-wisp (Swamp:1)
  16 ugly things
  3 meliai (D:13)
  12 elephants
  4 black mambas
  4 smoke demons
  2 gargoyles (D:12)
  6 cane toads
  A nameless horror (Lair:4)
  A yaktaur (D:15)
  An orange demon (Abyss:2)
  A rime drake (shapeshifter) (D:13)
  An efreet (D:14)
  2 freezing wraiths
  7 komodo dragons
  2 polar bears
  A bloated husk (Swamp:1)
  2 trolls
  2 tyrant leeches (Swamp:1)
  3 raiju (Lair:5)
  4 hornets
  19 blink frogs
  6 dream sheep (Lair:5)
  5 slime creatures
  A vampire (D:13)
  4 spriggans
  2 wyverns
  28 yaks
  3 shadows
  3 wraiths (D:11)
  5 fire elementals (D:12)
  An unseen horror simulacrum (D:9)
  6 basilisks
  A human (shapeshifter) (Lair:5)
  A golden eye (Abyss:2)
  2 humans (D:13)
  A death yak simulacrum (Lair:5)
  A redback (Lair:2)
  11 vampire mosquitoes
  A steam dragon (D:5)
  6 swamp worms
  2 chaos spawn
  21 water moccasins
  3 hell hounds (D:12)
  24 orc warriors
  A sky beast (D:6)
  An ice beast (D:7)
  2 black bears
  A laughing skull (Abyss:2)
  7 centaurs
  4 ogres
  12 wolves
  A phantom (D:6)
  4 bullfrogs
  3 kobold brigands
  5 earth elementals (D:12)
  5 scorpions
  A gnoll sergeant (D:9)
  4 small abominations
  4 wights
  2 elephant simulacra (Lair:5)
  2 killer bees
  An oklob sapling (D:11)
  A howler monkey (D:11)
  A quasit (Abyss:2)
  A bullfrog zombie (Ossuary)
  2 hounds
  17 orc priests
  A jelly (D:7)
  2 centaur zombies (Ossuary)
  An iguana (D:6)
  A sleepcap (D:6)
  10 orc wizards
  A wolf simulacrum (Lair:5)
  12 gnolls
  6 adders
  A white imp (D:6)
  2 ufetubi (D:5)
  2 adder zombies (Ossuary)
  3 ribbon worms (D:2)
  A dart slug (D:4)
  49 orcs
  4 bats
  An endoplasm (D:2)
  A giant cockroach (D:1)
  2 goblins
  3 hobgoblins
  4 jackals
  13 kobolds
  A quokka (D:1)
  6 ball pythons
  4 gnoll zombies (Ossuary)
  A goblin zombie (Ossuary)
  4 hobgoblin zombies (Ossuary)
  5 orc zombies (Ossuary)
  2 rats
531 creatures vanquished.

Vanquished Creatures (others)
  A death yak (Lair:4)
  An elephant (Lair:5)
  A yak (Lair:1)
  A small abomination (Lair:5)
  A water moccasin (Lair:3)
  58 blazeheart cores
  4 foxfires (Swamp:2)
  A snaplasher vine (Lair:5)
68 creatures vanquished.

Grand Total: 824 creatures vanquished

Notes
Turn   | Place    | Note
-------+----------+-------------------------------------------
     0 | D:1      | night the Draconian Summoner began the quest for the Orb.
     0 | D:1      | Reached XP level 1. HP: 14/14 MP: 3/3
   289 | D:1      | Reached XP level 2. HP: 20/20 MP: 1/5
   358 | D:1      | Learned a level 2 spell: Call Imp
  1058 | D:1      | Reached XP level 3. HP: 10/26 MP: 0/7
  1134 | D:1      | Learned a level 3 spell: Call Canine Familiar
  1202 | D:2      | Reached XP level 4. HP: 11/33 MP: 3/8
  1338 | D:2      | Found a sacrificial altar of Ru.
  1350 | D:2      | Became a worshipper of Ru the Awakened
  1394 | D:2      | Found a faded altar of an unknown god.
  1492 | D:2      | Reached skill level 5 in Summonings
  1987 | D:3      | Identified the ring "Dodool" {rPois rF+ rC+++ Stlth+}
  2260 | D:3      | Gained mutation: You cannot voluntarily change form. [Ru
                  | sacrifice]
  2282 | D:3      | Found a hazy altar of Hepliaklqana.
  2861 | D:4      | Noticed a scorpion
  2883 | D:4      | Killed a scorpion
  2884 | D:4      | Reached skill level 1 in Fire Magic
  2884 | D:4      | Reached XP level 5. HP: 38/38 MP: 5/10
  2930 | D:4      | Noticed a water moccasin
  2945 | D:4      | Killed a water moccasin
  2946 | D:4      | Reached skill level 2 in Fire Magic
  2946 | D:4      | Reached XP level 6. HP: 45/45 MP: 7/12
  2951 | D:4      | Learned a level 4 spell: Summon Blazeheart Golem
  3040 | D:4      | Found a staircase to the Ecumenical Temple.
  3087 | D:4      | Reached skill level 6 in Summonings
  3484 | D:5      | Entered Level 5 of the Dungeon
  3730 | D:5      | Noticed a steam dragon
  3750 | D:5      | Killed a steam dragon
  3751 | D:5      | Reached skill level 5 in Spellcasting
  3751 | D:5      | Your scales start taking on a glossy black colour.
  3751 | D:5      | Reached XP level 7. HP: 42/50 MP: 14/14
  3751 | D:5      | Gained mutation: You are resistant to electric shocks.
                  | (rElec) [Black Draconian growth]
  4175 | D:6      | Found a sand-covered staircase.
  4181 | Ossuary  | Entered an ossuary
  4469 | Ossuary  | Reached skill level 7 in Summonings
  4631 | Ossuary  | Noticed a silent spectre
  4794 | D:6      | Reached XP level 8. HP: 50/57 MP: 17/17
  5004 | D:6      | Found an iron altar of Okawaru.
  5006 | D:6      | Got the Atlas of Flinty Distillation
  5055 | D:6      | Found a blossoming altar of Fedhas.
  5111 | D:6      | HP: 4/57 [ogre/+0 giant club (33)]
  5199 | D:6      | Reached skill level 8 in Summonings
  5810 | D:6      | Gained mutation: You are missing a hand. [Ru sacrifice]
  5810 | D:6      | Reached * piety under Ru
  5810 | D:6      | Reached ** piety under Ru
  5810 | D:6      | Reached *** piety under Ru
  6222 | D:7      | Noticed a nameless horror
  6248 | D:7      | Killed a nameless horror
  6259 | D:7      | Reached skill level 9 in Summonings
  6568 | D:7      | Reached XP level 9. HP: 61/62 MP: 10/20
  7136 | D:7      | Reached skill level 10 in Summonings
  7218 | D:7      | Learned a level 3 spell: Summon Ice Beast
  7224 | D:7      | Learned a level 5 spell: Summon Mana Viper
  7418 | D:7      | Learned a level 4 spell: Summon Lightning Spire
  7573 | D:8      | Found a bloodstained altar of Trog.
  7660 | D:8      | Noticed a two-headed ogre
  7667 | D:8      | Killed a two-headed ogre
  7676 | D:8      | Reached XP level 10. HP: 44/69 MP: 5/23
  7680 | D:8      | Reached skill level 11 in Summonings
  8203 | D:9      | Reached skill level 10 in Spellcasting
  8272 | D:9      | Noticed Erica
  8287 | D:9      | Killed Erica
  8458 | D:9      | Noticed a two-headed ogre
  8466 | D:9      | Killed a two-headed ogre
  8467 | D:9      | Reached skill level 12 in Summonings
  8677 | D:9      | Learned a level 7 spell: Monstrous Menagerie
  8745 | D:9      | Gained mutation: You cannot train Dodging skill. [Ru
                  | sacrifice]
  8745 | D:9      | Reached **** piety under Ru
  8745 | D:9      | Reached ***** piety under Ru
  8777 | D:9      | Noticed a tengu warrior
  8802 | D:9      | HP: 8/69 [unseen horror simulacrum (10)]
  9331 | D:9      | Killed a tengu warrior
  9431 | D:9      | Reached XP level 11. HP: 74/74 MP: 20/26
  9750 | D:10     | Entered Level 10 of the Dungeon
  9815 | D:10     | Noticed Joseph
  9825 | D:10     | Killed Joseph
  9992 | D:10     | Reached skill level 13 in Summonings
 10182 | D:10     | Found a staircase to the Lair.
 10287 | D:10     | Found Wial's Armour Emporium.
 10652 | Lair:1   | Entered Level 1 of the Lair of Beasts
 10687 | Lair:1   | Reached skill level 12 in Spellcasting
 10820 | Lair:1   | Reached skill level 1 in Polearms
 10847 | Lair:1   | Reached skill level 2 in Polearms
 11096 | Lair:1   | Found a runed translucent door.
 11096 | Lair:1   | Noticed gohu's ghost (journeyman HOFi)
 11675 | Lair:1   | Reached skill level 14 in Summonings
 11781 | Lair:1   | Reached XP level 12. HP: 81/81 MP: 25/28
 12039 | Lair:1   | Killed gohu's ghost
 12525 | Lair:2   | Noticed a death yak
 12526 | Lair:2   | Noticed a death yak
 12526 | Lair:2   | Noticed a death yak
 12543 | Lair:2   | Noticed a death yak
 12546 | Lair:2   | Killed a death yak
 12547 | Lair:2   | Reached skill level 5 in Polearms
 12552 | Lair:2   | Killed a death yak
 12558 | Lair:2   | Killed a death yak
 12561 | Lair:2   | Killed a death yak
 12566 | Lair:2   | Gained mutation: You are missing an eye, making it more
                  | difficult to aim. [Ru sacrifice]
 12566 | Lair:2   | Reached ****** piety under Ru
 12948 | Lair:2   | Noticed an anaconda
 12948 | Lair:2   | Noticed a catoblepas
 12962 | Lair:2   | Killed an anaconda
 12976 | Lair:2   | Killed a catoblepas
 13223 | Lair:2   | Found a hole to the Spider Nest.
 13360 | Lair:2   | HP: 6/81 [cane toad (31)]
 13547 | Lair:2   | Found a staircase to the Swamp.
 13998 | Lair:3   | Reached skill level 15 in Summonings
 14046 | Lair:3   | Reached XP level 13. HP: 60/86 MP: 14/30
 14139 | Lair:3   | Noticed Fannar
 14159 | Lair:3   | Killed Fannar
 14760 | Lair:3   | Reached skill level 14 in Spellcasting
 15279 | Lair:3   | Identified a scroll of acquirement
 15279 | Lair:3   | Acquired a book of Blood
 15289 | Lair:3   | Learned a level 7 spell: Summon Hydra
 16178 | Lair:4   | Learned a level 5 spell: Summon Forest
 16248 | Lair:4   | Reached skill level 16 in Summonings
 16254 | Lair:4   | Reached skill level 1 in Fighting
 16802 | Lair:5   | Entered Level 5 of the Lair of Beasts
 17022 | Lair:5   | Reached skill level 2 in Fighting
 17309 | Lair:5   | Gained mutation: Your large and strong wings let you fly.
                  | [Black Draconian growth]
 17309 | Lair:5   | Reached XP level 14. HP: 62/102 MP: 4/32
 17859 | Lair:5   | Reached skill level 10 in Polearms
 18179 | Lair:5   | Found a corrupted altar of Lugonu.
 18179 | Lair:5   | Found a one-way gate to the infinite horrors of the Abyss.
 18591 | Lair:5   | Reached skill level 5 in Fighting
 19108 | Lair:5   | Found a staircase to the Slime Pits.
 19785 | D:11     | Noticed Sonja
 19793 | Abyss:2  | Cast into level 2 of the Abyss (Sonja)
 20032 | Abyss:2  | Noticed a tentacled starspawn
 20189 | D:11     | Escaped the Abyss
 20191 | D:11     | Killed Sonja
 20270 | D:11     | Noticed Josephine
 20277 | D:11     | Killed Josephine
 20554 | D:11     | Noticed Urug
 20560 | D:11     | Killed Urug
 21155 | D:11     | Learned a level 6 spell: Death Channel
 21327 | D:11     | Identified the +1 pair of boots "Koahump" {Rampage Will+
                  | Str+3 Slay+2}
 21570 | D:11     | Found a staircase to the Orcish Mines.
 21893 | D:12     | Noticed Psyche
 21986 | D:12     | Killed Psyche
 22064 | D:12     | Reached skill level 17 in Summonings
 22064 | D:12     | Reached skill level 1 in Necromancy
 23159 | D:12     | Reached skill level 2 in Necromancy
 23159 | D:12     | Reached XP level 15. HP: 118/118 MP: 15/34
 23594 | D:12     | Noticed Azrael
 23612 | D:12     | Killed Azrael
 24631 | D:13     | Found a blossoming altar of Fedhas.
 25205 | D:13     | Found a gate to the Vaults.
 27485 | D:15     | Entered Level 15 of the Dungeon
 27805 | D:15     | Found a bloodstained altar of Trog.
 28536 | D:15     | Reached skill level 12 in Polearms
 28560 | D:15     | Found a staircase to the Depths.
 28632 | D:15     | Reached skill level 16 in Spellcasting
 28632 | D:15     | Reached skill level 5 in Necromancy
 29170 | Orc:1    | Entered Level 1 of the Orcish Mines
 29265 | Orc:1    | Gained mutation: You occasionally lose the ability to read
                  | scrolls when taking damage. [a neqoxec]
 29660 | Orc:1    | Found Obbaf's Distillery.
 29811 | Orc:2    | Entered Level 2 of the Orcish Mines
 29811 | Orc:2    | Found a staircase to the Elven Halls.
 30708 | Orc:2    | Paralysed by an orc sorcerer for 4 turns
 30999 | Orc:2    | Reached XP level 16. HP: 123/124 MP: 4/36
 31010 | Orc:2    | Found Usuo's Distillery.
 31010 | Orc:2    | Found Coisix's Assorted Antiques.
 31012 | Orc:2    | Found Guskiy Paib's Magic Scroll Boutique.
 31012 | Orc:2    | Found Bimeot's Assorted Antiques.
 31132 | Orc:2    | Bought a scroll of blinking for 127 gold pieces
 31134 | Orc:2    | Bought a scroll of identify for 34 gold pieces
 31138 | Orc:2    | Bought a scroll of identify for 54 gold pieces
 31391 | Slime:1  | Entered Level 1 of the Pits of Slime
 31391 | Slime:1  | Noticed an acid blob
 31501 | Swamp:1  | Entered Level 1 of the Swamp
 31651 | Swamp:1  | HP: 16/128 [acid (10)]
 33378 | Swamp:2  | Noticed a thorn hunter
 33401 | Swamp:2  | Killed a thorn hunter
 33402 | Swamp:2  | Reached skill level 18 in Summonings
 33619 | Swamp:2  | HP: 14/102 [ghost crab] (9)]
 33623 | Swamp:2  | HP: 4/102 [spectral spriggan air mage[a ghost crab] (9)]
 33623 | Swamp:2  | HP: 1/99 [spectral spriggan air mage[a ghost crab] (1)]
 33633 | Swamp:2  | HP: 4/96 [something] (1)]
 33636 | Swamp:2  | Mangled by an eleionoma

Illustrated notes

Levels and vault maps discovered:
D:1:      giann_forest_graveyard, layout_basic, serial_forest,
          infiniplex_forest_straight_4, infiniplex_forest_clump_curved,
          infiniplex_forest_lined_room_3, infiniplex_forest_corner_1,
          infiniplex_forest_join
D:2:      layout_rooms, ebering_ecumenical_altar_petrified, basic_altar
D:3:      layout_loops_ring, nicolae_hepliaklqana_hippocampus
D:4:      layout_loops_ring, minmay_temple_entry_purple_smoke, hex_large
D:5:      layout_rooms, small_statue_intersection
D:6:      layout_basic, mainiacjoe_overflow_large_starburst,
          nicolae_ossuary_entry_plus
D:7:      layout_gridville
D:8:      layout_gridville, mainiacjoe_overflow_brackets
D:9:      layout_roguey, chequers_serial_rivers_large_a, grunt_tough_drop,
          uniq_erica
D:10:     layout_roguey, minmay_lair_entry_grove, serial_shops, shop,
          uniq_joseph
D:11:     layout_basic, erik_orc_2, gauntlet_entry_generic,
          introduction_to_nature_2, uniq_urug, uniq_josephine, uniq_sonja
D:12:     layout_irregular_city, nicolae_lava_and_water,
          hangedman_cracks_in_the_wall, uniq_azrael, uniq_psyche
D:13:     layout_basic, hellmonk_vaults_keyhole, serial_aquarium,
          aquarium_bridge_square [aquarium_subvault_window,
          aquarium_subvault_bridge, aquarium_subvault_bridge,
          aquarium_subvault_balcony], aquarium_bridge_long_separate
          [aquarium_subvault_wall, aquarium_subvault_bridge,
          aquarium_subvault_wall, aquarium_subvault_bridge,
          aquarium_subvault_balcony, aquarium_subvault_balcony],
          aquarium_window_2, aquarium_window_fake, aquarium_view_2b,
          aquarium_balcony_5b, aquarium_pool_2, fedhas_bush_and_centaur_altar
D:14:     layout_stronghold
D:15:     grunt_enter_depths_snipers, layout_long_grid,
          minmay_stone_trees_medium, trog_hazing_becter
Lair:1:   layout_loops_ring, hellmonk_ghost_happy_afterlife,
          chequers_serial_rivers_micro_c
Lair:2:   layout_long_grid, mainiacjoe_swamp_entry_angry_trees,
          spider_nest_entry_webs, chequers_serial_rivers_micro_e,
          hellmonk_talismancer
Lair:3:   layout_chaotic_city, uniq_fannar
Lair:4:   layout_misc_corridors
Lair:5:   hellmonk_lair_end_abyssal_woods, layout_regular_city,
          dpeg_slime_entry_corner, portal_ice_cave_entry_ice_simulacra,
          mumra_transporter_accident
Swamp:1:  layout_basic_swamp, evilmike_swamp_ruin_house_2
Swamp:2:  layout_falls_marsh, evilmike_swamp_ruin_house_4, swamp_pool_4,
          nicolae_swamp_tree_designs
Slime:1:  layout_caves
Orc:1:    layout_caves, serial_shops, shop, regret_index_minedec_devilstone,
          mines2_lemuel
Orc:2:    grunt_orc_tribal_feast, layout_diamond_mine

Skill      XL: |  1  2  3  4  5  6  7  8  9 10 11 12 13 14 15 16 |
---------------+-------------------------------------------------+-----
Spellcasting   | 3 4 5 6 7 9 11 12 13 14 15 16 | 16.3
Summonings     | 5 6 7 9 10 12 14 15 16 17 18 | 18.0
Fire Magic     | 1 2 |  2.0
Dodging        | 0 |  0.0
Polearms       | 3 7 9 11 12 | 12.6
Fighting       | 3 7 9 |  9.7
Necromancy     | 2 5 6 |  6.4
Stealth        | |  1.7

Action                     |  1- 3 |  4- 6 |  7- 9 | 10-12 | 13-15 | 16-18 || total
---------------------------+-------+-------+-------+-------+-------+-------++-------
  Melee: Unarmed           |    22 |       |    18 |       |       |       ||    40
         Tailslap          |     9 |     9 |    14 |    19 |    62 |     6 ||   119
         Quarterstaff      |    32 |    88 |   104 |       |       |       ||   224
         Trident           |       |       |    21 |   171 |   215 |       ||   407
         Demon trident     |       |       |       |       |   239 |    40 ||   279
   Cast: Summon Small Mamm |    22 |    10 |    42 |     4 |     1 |       ||    79
         Call Imp          |     8 |    13 |    27 |     2 |       |       ||    50
         Call Canine Famil |     1 |    13 |    23 |    22 |       |       ||    59
         Summon Blazeheart |       |       |    16 |    61 |     8 |       ||    85
         Summon Ice Beast  |       |       |     1 |    11 |     2 |       ||    14
         Summon Lightning  |       |       |     1 |    14 |     4 |       ||    19
         Summon Mana Viper |       |       |       |     8 |     7 |       ||    15
         Monstrous Menager |       |       |       |     1 |    69 |     6 ||    76
         Summon Hydra      |       |       |       |       |   200 |    35 ||   235
         Summon Forest     |       |       |       |       |     3 |     2 ||     5
         Death Channel     |       |       |       |       |     1 |       ||     1
 Invoke: Sacrifice Forms   |       |     1 |       |       |       |       ||     1
         Sacrifice a Hand  |       |       |     1 |       |       |       ||     1
         Sacrifice Nimblen |       |       |       |     1 |       |       ||     1
         Apocalypse        |       |       |       |     1 |     3 |     1 ||     5
         Draw Out Power    |       |       |       |     1 |     1 |       ||     2
         Sacrifice an Eye  |       |       |       |     1 |       |       ||     1
Ability: Breathe Lightning |       |       |     5 |     2 |       |     1 ||     8
  Evoke: Wand              |       |     1 |     1 |     4 |       |       ||     6
    Use: Scroll            |       |       |       |     8 |    17 |     3 ||    28
         Potion            |       |       |       |       |     4 |     2 ||     6
   Stab: Distracted        |     2 |     2 |       |     4 |    11 |     1 ||    20
         Sleeping          |     1 |    11 |     3 |     1 |     5 |       ||    21
         Paralysed         |       |       |       |     4 |     4 |     4 ||    12
 Armour: Skin              |    54 |    66 |   175 |   184 |   297 |    62 ||   838
  Dodge: Dodged            |    58 |    84 |   180 |   147 |   274 |    34 ||   777

Table legend: (Time is in decaauts)
 A = Elapsed time spent in this place.
 B = Non-inter-level travel time spent in this place.
 C = Inter-level travel time spent in this place.
 D = Time resting spent in this place.
 E = Time spent auto-exploring this place.
 F = Levels seen in this place.
 G = Mean time per level.
                   A        B        C        D        E       F      G
               +--------+--------+--------+--------+--------+-----+--------+
         Total |  33660 |  32447 |   1213 |   5223 |  21522 |  27 | 1246.7 |
       Dungeon |  19339 |  18681 |    658 |   2542 |  13065 |  15 | 1289.3 |
          Lair |   9312 |   8847 |    465 |   1801 |   5584 |   5 | 1862.4 |
         Swamp |   2119 |   2098 |     21 |    547 |   1262 |   2 | 1059.5 |
    Slime Pits |      1 |      1 |      0 |      0 |      0 |   1 |    1.0 |
  Orcish Mines |   1936 |   1869 |     67 |    205 |   1383 |   2 |  968.0 |
         Abyss |    398 |    398 |      0 |    100 |      0 |   1 |  398.0 |
       Ossuary |    552 |    552 |      0 |     28 |    228 |   1 |  552.0 |
               +--------+--------+--------+--------+--------+-----+--------+

Top non-repeatable levels by time:
  Lair:5: 2499 daAuts
    D:12: 2184 daAuts
  Lair:4: 2005 daAuts
  Lair:2: 1929 daAuts
    D:11: 1786 daAuts
    D:14: 1765 daAuts
     D:9: 1646 daAuts
    D:13: 1639 daAuts
    D:15: 1604 daAuts
  Lair:1: 1517 daAuts
 Swamp:1: 1470 daAuts
     D:7: 1421 daAuts
   Orc:2: 1360 daAuts
  Lair:3: 1360 daAuts
     D:6: 1312 daAuts
